 Dungeon Crawl Stone Soup version 0.22.0 (webtiles) character file.

51 letownia2 the Insei (level 3, 0/26 HPs)
             Began as a Demonspawn Transmuter on Aug 11, 2018.
             Succumbed to an adder's poison
             ... on level 2 of the Dungeon.
             The game lasted 00:03:05 (619 turns).

letownia2 the Insei (Demonspawn Transmuter)          Turns: 619, Time: 00:03:06

Health: 0/26       AC:  7    Str: 15    XL:     3   Next: 58%
Magic:  2/6        EV: 11    Int: 14    God:
Gold:   29         SH:  0    Dex: 13    Spells: 3/6 levels left

rFire    . . .     SeeInvis .     - Unarmed
rCold    + . .     Gourm    .   (no shield)
rNeg     . . .     Faith    .   c - +0 ring mail
rPois    .         Spirit   .   (no helmet)
rElec    .         Reflect  .   (no cloak)
rCorr    .         Harm     .   (no gloves)
MR       .....                  (no boots)
Stlth    +.........             (no amulet)
HPRegen  0.08/turn              f - ring of protection from cold
MPRegen  0.10/turn              i - +4 ring of strength

@: lethally poisoned (0 -> -4), very slightly contaminated
A: iridescent scales 1, powered by death 1
a: no special abilities


You were on level 2 of the Dungeon.
You were not hungry.

You visited 1 branch of the dungeon, and saw 2 of its levels.

You collected 29 gold pieces.

Inventory:

Hand Weapons
 e - a +0 hunting sling
 g - a +1 dagger of freezing
 j - a +0 hunting sling
Missiles
 a - 10 arrows
Armour
 b - a +0 robe
 c - a +0 ring mail (worn)
Jewellery
 f - a ring of protection from cold (left hand)
 i - a +4 ring of strength (right hand)
Scrolls
 h - a scroll of remove curse {unknown}
Comestibles
 d - 3 rations


   Skills:
 - Level 1.0 Fighting
 - Level 1.7 Dodging
 + Level 4.2 Unarmed Combat
 - Level 2.0 Spellcasting
 - Level 1.7 Transmutations


You had 3 spell levels left.
You knew the following spells:

 Your Spells              Type           Power        Failure   Level  Hunger
a - Beastly Appendage     Tmut           #.....       22%         1    ##.....
l - Sticks to Snakes      Tmut           #.......     34%         2    ###....

Your spell library contained the following spells:

 Spells                   Type           Power        Failure   Level  Hunger
 Spider Form              Tmut/Pois      #.........   69%         3    ####...
 Blade Hands              Tmut           #.........   99%         5    ######.
 Ice Form                 Ice/Tmut       #.......     97%         4    #####..


Dungeon Overview and Level Annotations

Branches:
Dungeon (2/15)

Altars:


Innate Abilities, Weirdness & Mutations

You are partially covered in iridescent scales. (AC +2)
You regenerate a little health from kills.


Message History

Unknown command.
Unknown command.
Unknown command.
Unknown command.
Unknown command.
You barely miss the adder.
The adder is almost dead.
* * * LOW HITPOINT WARNING * * *
You feel sick.
Your ball python bites the adder.
The adder dies!
Unknown command.
Unknown command.
* * * LOW HITPOINT WARNING * * *
You feel sick.
* * * LOW HITPOINT WARNING * * *
You feel sick.
You aren't carrying any potions.
* * * LOW HITPOINT WARNING * * *
You feel sick.
You die...

....#..............#.........#
....#........#...#..<# .##..
....+.....#..#...#...# . ###
....##.).....#...#..##
######..#....#...#..#
#..##.#........#
#.....#.....##..
#.###.#..S..#### #.....##...@#
###....#..#...# #.##.#..##..#
#. #.#... .... #. #.#.#. #.##.
.. #.#. . .# .. ## #.#. .. .
... ... #.#


You could see a friendly ball python.

Vanquished Creatures
  3 adders (D:2)
  A dart slug (D:1)
  A leopard gecko (D:1)
  A giant cockroach (D:1)
  5 goblins (D:1)
  4 jackals (D:1)
  A frilled lizard (D:2)
  2 kobolds
18 creatures vanquished.

Vanquished Creatures (collateral kills)
  An adder (D:2)
1 creature vanquished.

Grand Total: 19 creatures vanquished

Notes
Turn   | Place    | Note
-------+----------+-------------------------------------------
     0 | D:1      | letownia2 the Demonspawn Transmuter began the quest for the Orb.
     0 | D:1      | Reached XP level 1. HP: 15/15 MP: 3/3
    50 | D:1      | Reached skill level 3 in Unarmed Combat
    58 | D:1      | Gained mutation: You are partially covered in iridescent scales. (AC +2) [demonic ancestry]
    58 | D:1      | Reached XP level 2. HP: 15/21 MP: 1/5
   440 | D:1      | Learned a level 2 spell: Sticks to Snakes
   542 | D:2      | Gained mutation: You regenerate a little health from kills. [demonic ancestry]
   542 | D:2      | Reached XP level 3. HP: 26/26 MP: 2/6
   546 | D:2      | Reached skill level 4 in Unarmed Combat
   615 | D:2      | HP: 1/26 [poisoned by an adder]
   619 | D:2      | Succumbed to an adder's poison

Skill      XL: |  1  2  3 |
---------------+----------+-----
Unarmed Combat | 3 4 |  4.2
Fighting       | |  1.0
Dodging        | |  1.7
Spellcasting   | |  2.0
Transmutations | |  1.7

Action                   || total
-------------------------++-------
Melee: Unarmed           ||    70
       Headbutt          ||     2
       Kick              ||     4
 Cast: Beastly Appendage ||     5
       Sticks to Snakes  ||     2
Armor: Ring mail         ||    26
Dodge: Dodged            ||    32
